Canadiens vs Flyers
(R1)
Created - May 21, 2019 at 19:29
Goals
|
| Canadiens |
0 |
0 |
1 |
1 |
| Flyers |
0 |
1 |
1 |
2 |
|
Shots
|
| Canadiens |
4 |
10 |
18 |
32 |
| Flyers |
9 |
10 |
9 |
28 |
|
1st period
No Goal
Penalties :
Andrew Alberts (Mon) for Interference (Minor) at 5:49, Adam Pardy (Mon) for Holding (Minor) at 10:55
2nd period
1. Flyers , Kyle Wellwood 4 (J.T. Miller 4) at 1:43 (SH)
Penalties :
Jeff Carter (Phi) for Hooking (Minor) at 0:11, Viktor Stalberg (Mon) for Boarding (Minor) at 3:55, Loui Eriksson (Phi) for Elbowing (Minor) at 10:55
3rd period
2. Canadiens , Frans Nielsen 4 (Steve Downie 6, Scott Hartnell 3) at 4:51 (PP)
3. Flyers , Loui Eriksson 1 (Marcus Kruger 3, Drew Miller 9) at 10:23
Penalties :
Mats Zuccarello (Phi) for Tripping (Minor) at 3:30, Mats Zuccarello (Phi) for Interference (Minor) at 5:35, Adam Pardy (Mon) for Tripping (Minor) at 18:18
Goalie Stats
Henrik Lundqvist (Mon), 26 saves from 28 shots - (0.929), L, 4-3-1, 60:00 minutes
Steve Mason (Phi), 31 saves from 32 shots - (0.969), W, 3-0-0, 60:00 minutes
Players Stats for Canadiens
Player Name G A P +/- PIM S H SB GA TA FO MP PP MP PK MP
------------------------------------------------------------------------------------
Adam Pardy 0 0 0 -1 4 1 2 1 1 0 0/0 16:54 0:00 1:19
Andrew Alberts 0 0 0 0 2 2 3 4 0 0 0/0 26:05 5:45 3:26
Brett Maclean 0 0 0 -1 0 0 0 0 0 0 0/0 10:36 0:00 0:07
Colton Parayko 0 0 0 0 0 0 0 0 0 1 0/0 25:27 5:45 2:16
David Jones 0 0 0 0 0 2 1 0 0 0 0/0 8:42 0:00 1:58
Dustin Boyd 0 0 0 -1 0 3 3 0 0 0 1/4 13:30 0:00 3:04
Enver Lisin 0 0 0 -1 0 0 0 0 0 0 0/0 10:43 0:00 0:00
Evgeny Dadonov 0 0 0 0 0 4 2 0 0 0 1/1 15:27 2:36 0:00
Frans Nielsen 1 0 1 -1 0 6 0 0 1 0 11/24 20:53 4:42 0:20
Greg Stewart 0 0 0 0 0 5 1 1 1 0 0/1 17:07 2:36 1:55
Mark Stuart 0 0 0 -2 0 0 2 2 0 1 0/0 22:16 1:33 5:22
Pierre-Marc Bouchard 0 0 0 0 0 1 1 0 0 0 10/21 15:01 2:36 0:00
Scott Hartnell 0 1 1 -1 0 2 0 0 1 0 1/4 20:26 4:42 0:08
Shaone Morrisonn 0 0 0 0 0 0 1 1 0 1 0/0 15:35 0:00 2:53
Steve Downie 0 1 1 -1 0 5 3 2 0 0 1/1 23:17 4:42 3:30
Tomas Plekanec 0 0 0 0 0 0 1 0 0 0 3/7 10:37 0:00 4:14
Viktor Stalberg 0 0 0 0 2 1 3 0 0 0 0/0 5:37 0:00 0:00
Vitaly Vishnevsky 0 0 0 -1 0 0 1 2 0 0 0/0 14:05 1:33 0:00
Players Stats for Flyers
Player Name G A P +/- PIM S H SB GA TA FO MP PP MP PK MP
------------------------------------------------------------------------------------
Brian McGrattan 0 0 0 0 0 0 1 0 0 0 0/0 6:57 0:00 0:00
Chris Mcallister 0 0 0 0 0 0 1 0 0 0 0/1 10:41 0:00 3:34
Drew Miller 0 1 1 0 0 2 2 0 0 1 0/2 19:00 3:50 0:00
J.T. Miller 0 1 1 1 0 1 0 2 0 0 2/2 18:50 3:48 3:44
Jakub Voracek 0 0 0 0 0 5 1 0 0 0 1/2 19:00 3:50 0:00
Jaromir Jagr 0 0 0 1 0 2 0 2 0 0 1/1 11:29 0:00 0:00
Jeff Carter 0 0 0 0 2 1 2 0 0 0 13/20 19:11 3:50 0:00
Jeff Woywitka 0 0 0 2 0 0 1 7 0 0 0/0 23:51 3:41 4:27
Jonathan Ericsson 0 0 0 0 0 3 0 0 1 1 0/0 21:24 3:57 2:51
Kyle Wellwood 1 0 1 1 0 3 3 0 0 1 15/27 18:50 3:48 3:44
Loui Eriksson 1 0 1 1 2 2 1 0 2 0 0/0 11:35 0:00 0:00
Marcus Kruger 0 1 1 1 0 2 1 0 0 1 0/1 11:29 0:00 0:00
Mats Zuccarello 0 0 0 0 4 0 2 1 0 0 0/0 14:55 3:48 0:00
Matt Smaby 0 0 0 0 0 5 1 2 0 0 0/0 17:27 3:41 0:00
Matthew Lombardi 0 0 0 0 0 0 0 1 0 0 3/7 10:41 0:00 3:34
Nathan Beaulieu 0 0 0 0 0 1 1 1 0 0 0/0 14:45 0:00 0:00
Oliver Ekman-Larsson 0 0 0 1 0 1 4 2 0 0 0/0 24:08 3:57 2:51
Steve McCarthy 0 0 0 1 0 0 1 6 0 0 0/0 18:25 0:00 4:27
3 Stars
1 - Steve Mason (Phi)
2 - Kyle Wellwood (Phi)
3 - Jeff Woywitka (Phi)
Power Play
Canadiens - 1 on 4 Attempt(s) - 25.00%
Flyers - 0 on 4 Attempt(s) - 0.00%
Penalty Kill
Canadiens - 4 on 4 Attempt(s) - 100.00%
- Score 0 goal in Penalty Kill
Flyers - 3 on 4 Attempt(s) - 75.00%
- Score 1 goal in Penalty Kill
Team Stat
Canadiens - Hits : 24 - Faceoff Wins : 28 - Blocked Shots : 13 - Penalty Minutes : 8
Flyers - Hits : 22 - Faceoff Wins : 35 - Blocked Shots : 24 - Penalty Minutes : 8
Official
Referees : Unknown
Linesman : Unknown
Game Notes
6:26 of 3rd period - Canadiens goal is going for a video replay. After video review, No Goal. The attacking player has interfered with a goalkeeper in his goal crease.
Finance
Level 1 -- Attendance: 5090 (84.83%) -- Ticket Income $636,250
Level 2 -- Attendance: 4322 (86.44%) -- Ticket Income $324,150
Level 3 -- Attendance: 1816 (90.80%) -- Ticket Income $90,800
Level 4 -- Attendance: 3388 (84.70%) -- Ticket Income $135,520
Luxury Box -- Attendance: 789 (78.90%) -- Ticket Income $197,250
Game was played at the Wells Fargo Center.
Total Attendance: 15405 (85.58%)
Total Ticket Income: $1,383,970
Other Income: $207,596
Total Income: $1,591,566
Canadiens
5 vs 5 Forward
Center Left Wing Right Wing Time % Phy DF OF
1 Frans Nielsen Scott Hartnell Steve Downie 40 1 1 3
2 Pierre-Marc Bouchard Greg Stewart Evgeny Dadonov 30 1 2 2
3 Dustin Boyd Brett Maclean Enver Lisin 20 1 2 2
4 Tomas Plekanec Viktor Stalberg David Jones 10 1 2 2
5 vs 5 Defense
Defense Defense Time % Phy DF OF
1 Andrew Alberts Colton Parayko 40 1 2 2
2 Adam Pardy Mark Stuart 30 1 2 2
3 Shaone Morrisonn Vitaly Vishnevsky 20 1 2 2
4 Colton Parayko Andrew Alberts 10 1 2 2
PowerPlay Forward
Center Left Wing Right Wing Time % Phy DF OF
1 Frans Nielsen Scott Hartnell Steve Downie 60 1 2 2
2 Pierre-Marc Bouchard Greg Stewart Evgeny Dadonov 40 1 2 2
PowerPlay Defense
Defense Defense Time % Phy DF OF
1 Andrew Alberts Colton Parayko 60 1 2 2
2 Mark Stuart Vitaly Vishnevsky 40 1 2 2
Penalty Kill 4 Players Forward
Center Wing Time % Phy DF OF
1 Tomas Plekanec Steve Downie 60 1 2 2
2 Dustin Boyd David Jones 40 1 2 2
Penalty Kill 4 Players Defense
Defense Defense Time % Phy DF OF
1 Andrew Alberts Mark Stuart 60 1 2 2
2 Shaone Morrisonn Colton Parayko 40 1 2 2
Penalty Kill - 3 Players Forward
Forward Time % Phy DF OF
1 Frans Nielsen 60 1 2 2
2 Dustin Boyd 40 1 2 2
Penalty Kill - 3 Players Defense
Defense Defense Time % Phy DF OF
1 Andrew Alberts Mark Stuart 60 1 2 2
2 Shaone Morrisonn Adam Pardy 40 1 2 2
4 vs 4 Forward
Center Wing Time % Phy DF OF
1 Frans Nielsen Greg Stewart 60 1 2 2
2 Pierre-Marc Bouchard Brett Maclean 40 1 2 2
4 vs 4 Defense
Defense Defense Time % Phy DF OF
1 Andrew Alberts Colton Parayko 60 1 2 2
2 Shaone Morrisonn Mark Stuart 40 1 2 2
Last Minutes Offensive
Center Left Wing Right Wing Defense Defense
Frans Nielsen Scott Hartnell Evgeny Dadonov Colton Parayko Vitaly Vishnevsky
Last Minutes Defensive
Center Left Wing Right Wing Defense Defense
Pierre-Marc Bouchard Greg Stewart Steve Downie Andrew Alberts Mark Stuart
Goaltenders
Starting : Henrik Lundqvist
Backup : Allen York
Extra Forwards
Normal : Frans Nielsen, Greg Stewart, Evgeny Dadonov - PP : Frans Nielsen, Greg Stewart - PK : Steve Downie
Extra Defensemen
Normal : Andrew Alberts, Colton Parayko, Mark Stuart - PP : Andrew Alberts - PK : Andrew Alberts, Mark Stuart
Penalty Shots
Frans Nielsen, Pierre-Marc Bouchard, Greg Stewart, Steve Downie, Evgeny Dadonov
Scratches
Dustin Kohn (Healthy), Marcel Goc (Healthy), Nikolai Zherdev (Healthy), Wes O'Neill (Healthy), Raphael Diaz (Healthy)
Flyers
5 vs 5 Forward
Center Left Wing Right Wing Time % Phy DF OF
1 Jeff Carter Drew Miller Jakub Voracek 40 0 1 4
2 Kyle Wellwood J.T. Miller Mats Zuccarello 30 0 1 4
3 Marcus Kruger Loui Eriksson Jaromir Jagr 20 0 1 4
4 Matthew Lombardi Chris Mcallister Brian McGrattan 10 0 4 1
5 vs 5 Defense
Defense Defense Time % Phy DF OF
1 Oliver Ekman-Larsson Jonathan Ericsson 30 1 3 1
2 Jeff Woywitka Matt Smaby 30 1 3 1
3 Steve McCarthy Nathan Beaulieu 30 1 3 1
4 Oliver Ekman-Larsson Jeff Woywitka 10 1 3 1
PowerPlay Forward
Center Left Wing Right Wing Time % Phy DF OF
1 Jeff Carter Drew Miller Jakub Voracek 50 0 1 4
2 Kyle Wellwood J.T. Miller Mats Zuccarello 50 0 1 4
PowerPlay Defense
Defense Defense Time % Phy DF OF
1 Oliver Ekman-Larsson Jonathan Ericsson 50 0 2 3
2 Matt Smaby Jeff Woywitka 50 0 2 3
Penalty Kill 4 Players Forward
Center Wing Time % Phy DF OF
1 Matthew Lombardi Chris Mcallister 50 0 4 1
2 Kyle Wellwood J.T. Miller 50 0 4 1
Penalty Kill 4 Players Defense
Defense Defense Time % Phy DF OF
1 Oliver Ekman-Larsson Jonathan Ericsson 50 1 4 0
2 Jeff Woywitka Steve McCarthy 50 1 4 0
Penalty Kill - 3 Players Forward
Forward Time % Phy DF OF
1 Matthew Lombardi 50 0 4 1
2 Kyle Wellwood 50 0 4 1
Penalty Kill - 3 Players Defense
Defense Defense Time % Phy DF OF
1 Oliver Ekman-Larsson Jonathan Ericsson 50 1 4 0
2 Jeff Woywitka Steve McCarthy 50 1 4 0
4 vs 4 Forward
Center Wing Time % Phy DF OF
1 Jeff Carter Jakub Voracek 50 0 2 3
2 Kyle Wellwood J.T. Miller 50 0 2 3
4 vs 4 Defense
Defense Defense Time % Phy DF OF
1 Jonathan Ericsson Oliver Ekman-Larsson 50 1 3 1
2 Matt Smaby Jeff Woywitka 50 1 3 1
Last Minutes Offensive
Center Left Wing Right Wing Defense Defense
Jeff Carter Drew Miller Jakub Voracek Oliver Ekman-Larsson Jeff Woywitka
Last Minutes Defensive
Center Left Wing Right Wing Defense Defense
Kyle Wellwood Chris Mcallister Brian McGrattan Oliver Ekman-Larsson Jeff Woywitka
Goaltenders
Starting : Steve Mason
Backup : Cory Schneider
Extra Forwards
Normal : Jeff Carter, Kyle Wellwood, Drew Miller - PP : Jeff Carter, Kyle Wellwood - PK : Matthew Lombardi
Extra Defensemen
Normal : Oliver Ekman-Larsson, Jeff Woywitka, Matt Smaby - PP : Jeff Woywitka - PK : Oliver Ekman-Larsson, Jeff Woywitka
Penalty Shots
Jeff Carter, Loui Eriksson, Jaromir Jagr, Kyle Wellwood, J.T. Miller
Scratches
Brian Lashoff (Healthy)
% Time on Ice - Canadiens
Lines # - Real PCT - Wanted PCT - Time Play
Normal Forward
1 - 37% - 40% - 16:36
2 - 28% - 30% - 12:25
3 - 23% - 20% - 10:29
4 - 12% - 10% - 5:34
Normal Defense
1 - 42% - 40% - 18:47
2 - 33% - 30% - 15:03
3 - 23% - 20% - 10:14
4 - 2% - 10% - 1:00
PP Forward
1 - 64% - 60% - 4:42
2 - 36% - 40% - 2:36
PP Defense
1 - 79% - 60% - 5:45
2 - 21% - 40% - 1:33
PK Forward
1 - 74% - 60% - 5:40
2 - 26% - 40% - 1:58
PK Defense
1 - 72% - 60% - 5:30
2 - 28% - 40% - 2:08
PK3 Forward
1 - 0% - 60%
2 - 0% - 40%
PK3 Defense
1 - 0% - 60%
2 - 0% - 40%
44 Forward
1 - 0% - 60%
2 - 0% - 40%
44 Defense
1 - 0% - 60%
2 - 0% - 40%
Last Minute Offensive - 0:00
Last Minute Defensive - 0:00
Total
Forward - 60:00
Defense - 60:00
|
% Time on Ice - Flyers
Lines # - Real PCT - Wanted PCT - Time Play
Normal Forward
1 - 34% - 40% - 15:20
2 - 25% - 30% - 11:18
3 - 25% - 20% - 11:29
4 - 15% - 10% - 6:57
Normal Defense
1 - 32% - 30% - 14:36
2 - 31% - 30% - 13:56
3 - 31% - 30% - 13:48
4 - 6% - 10% - 2:44
PP Forward
1 - 50% - 50% - 3:50
2 - 50% - 50% - 3:48
PP Defense
1 - 52% - 50% - 3:57
2 - 48% - 50% - 3:41
PK Forward
1 - 49% - 50% - 3:34
2 - 51% - 50% - 3:44
PK Defense
1 - 39% - 50% - 2:51
2 - 61% - 50% - 4:27
PK3 Forward
1 - 0% - 50%
2 - 0% - 50%
PK3 Defense
1 - 0% - 50%
2 - 0% - 50%
44 Forward
1 - 0% - 50%
2 - 0% - 50%
44 Defense
1 - 0% - 50%
2 - 0% - 50%
Last Minute Offensive - 0:00
Last Minute Defensive - 0:00
Total
Forward - 60:00
Defense - 60:00
|
Play-by-Play
1st period
0:01 of 1st period - Jeff Carter wins face-off versus Frans Nielsen in neutral zone.
0:06 of 1st period - Backhand shot by Jeff Carter.
0:06 of 1st period - Shot Blocked by Andrew Alberts.
0:08 of 1st period - Slapshot by Oliver Ekman-Larsson.
0:08 of 1st period - Stopped by Henrik Lundqvist with a rebound.
0:10 of 1st period - Slapshot by Jeff Carter.
0:10 of 1st period - Deflect By Jakub Voracek.
0:10 of 1st period - Shot Misses the Net.
0:10 of 1st period - Puck is out of play.
0:11 of 1st period - Kyle Wellwood wins face-off versus Pierre-Marc Bouchard in Canadiens zone.
1:44 of 1st period - Greg Stewart is hit by Mats Zuccarello and loses puck.
2:15 of 1st period - Snap shot by Dustin Boyd.
2:15 of 1st period - Shot Misses the Net.
2:53 of 1st period - Snap shot by Jakub Voracek.
2:53 of 1st period - Stopped by Henrik Lundqvist with a rebound.
3:15 of 1st period - Mark Stuart is hit by Oliver Ekman-Larsson.
3:35 of 1st period - Snap shot by Marcus Kruger.
3:35 of 1st period - Stopped by Henrik Lundqvist without a rebound.
3:36 of 1st period - Frans Nielsen wins face-off versus Marcus Kruger in Canadiens zone.
3:57 of 1st period - Steve Downie is hit by Marcus Kruger and loses puck.
4:37 of 1st period - Slapshot by Steve Downie.
4:37 of 1st period - Stopped by Steve Mason with a rebound.
5:09 of 1st period - Slapshot by Scott Hartnell.
5:09 of 1st period - Shot Blocked by Jeff Woywitka.
5:11 of 1st period - Snap shot by Steve Downie.
5:11 of 1st period - Shot Blocked by Jaromir Jagr.
5:13 of 1st period - Snap shot by Steve Downie.
5:13 of 1st period - Shot Blocked by Matt Smaby.
5:15 of 1st period - Slapshot by Scott Hartnell.
5:15 of 1st period - Shot Blocked by Jeff Woywitka.
5:17 of 1st period - Snap shot by Vitaly Vishnevsky.
5:17 of 1st period - Shot Blocked by Matt Smaby.
5:19 of 1st period - Snap shot by Shaone Morrisonn.
5:19 of 1st period - Shot Misses the Net.
5:21 of 1st period - Slapshot by Vitaly Vishnevsky.
5:21 of 1st period - Shot Blocked by Jeff Woywitka.
5:23 of 1st period - Wrist shot by Shaone Morrisonn.
5:23 of 1st period - Shot Blocked by Jeff Woywitka.
5:25 of 1st period - Snap shot by Scott Hartnell.
5:25 of 1st period - Stopped by Steve Mason without a rebound.
5:26 of 1st period - Pierre-Marc Bouchard wins face-off versus Drew Miller in Flyers zone.
5:27 of 1st period - Wrist shot by Greg Stewart.
5:27 of 1st period - Shot Hit the Post.
5:49 of 1st period - Minor Penalty to Andrew Alberts for Interference.
5:50 of 1st period - Tomas Plekanec wins face-off versus Jeff Carter in Canadiens zone.
6:03 of 1st period - Snap shot by Drew Miller.
6:03 of 1st period - Stopped by Henrik Lundqvist with a rebound.
6:05 of 1st period - Slapshot by Jonathan Ericsson.
6:05 of 1st period - Stopped by Henrik Lundqvist with a rebound.
6:07 of 1st period - Wrist shot by Jakub Voracek.
6:07 of 1st period - Shot Blocked by Mark Stuart.
6:17 of 1st period - Jonathan Ericsson is hit by Mark Stuart.
6:23 of 1st period - Adam Pardy is hit by Kyle Wellwood and loses puck.
7:49 of 1st period - Penalty to Andrew Alberts is over, Andrew Alberts is back on ice.
7:50 of 1st period - Dustin Boyd is hit by Kyle Wellwood and loses puck.
9:10 of 1st period - Icing by Dustin Boyd.
9:11 of 1st period - Jeff Carter wins face-off versus Dustin Boyd in Canadiens zone.
9:31 of 1st period - Icing by Dustin Boyd.
9:32 of 1st period - J.T. Miller wins face-off versus Dustin Boyd in Canadiens zone.
9:46 of 1st period - Snap shot by Dustin Boyd.
9:46 of 1st period - Shot Misses the Net.
9:48 of 1st period - Wrist shot by Dustin Boyd.
9:48 of 1st period - Shot Misses the Net.
9:58 of 1st period - Snap shot by Brett Maclean.
9:58 of 1st period - Shot Misses the Net.
10:02 of 1st period - Wrist shot by Dustin Boyd.
10:02 of 1st period - Shot Blocked by Mats Zuccarello.
10:04 of 1st period - Slapshot by Shaone Morrisonn.
10:04 of 1st period - Shot Blocked by Steve McCarthy.
10:06 of 1st period - Slapshot by Enver Lisin.
10:06 of 1st period - Shot Misses the Net.
10:08 of 1st period - Slapshot by Vitaly Vishnevsky.
10:08 of 1st period - Deflect By Dustin Boyd.
10:08 of 1st period - Stopped by Steve Mason without a rebound.
10:09 of 1st period - Evgeny Dadonov wins face-off versus Jeff Carter in Flyers zone.
10:14 of 1st period - Slapshot by Oliver Ekman-Larsson.
10:14 of 1st period - Deflect By Jakub Voracek.
10:14 of 1st period - Shot Misses the Net.
10:14 of 1st period - Puck is out of play.
10:15 of 1st period - Jeff Carter wins face-off versus Pierre-Marc Bouchard in Canadiens zone.
10:41 of 1st period - Wrist shot by Jakub Voracek.
10:41 of 1st period - Shot Misses the Net.
10:49 of 1st period - Snap shot by Drew Miller.
10:49 of 1st period - Shot Blocked by Andrew Alberts.
10:51 of 1st period - Slapshot by Jonathan Ericsson.
10:51 of 1st period - Deflect By Jeff Carter.
10:51 of 1st period - Shot Misses the Net.
10:51 of 1st period - Puck is out of play.
10:52 of 1st period - Kyle Wellwood wins face-off versus Frans Nielsen in Canadiens zone.
10:53 of 1st period - Slapshot by Mats Zuccarello.
10:53 of 1st period - Shot Hit the Post.
10:55 of 1st period - Minor Penalty to Adam Pardy for Holding.
10:56 of 1st period - Jeff Carter wins face-off versus Tomas Plekanec in Canadiens zone.
10:57 of 1st period - Slapshot by Jakub Voracek.
10:57 of 1st period - Stopped by Henrik Lundqvist without a rebound.
10:58 of 1st period - Tomas Plekanec wins face-off versus Jeff Carter in Canadiens zone.
11:46 of 1st period - Mark Stuart is hit by Jeff Carter and loses puck.
11:57 of 1st period - Oliver Ekman-Larsson is hit by Steve Downie and loses puck.
12:55 of 1st period - Penalty to Adam Pardy is over, Adam Pardy is back on ice.
13:49 of 1st period - Pierre-Marc Bouchard is hit by Kyle Wellwood and loses puck.
14:54 of 1st period - Scott Hartnell is hit by Loui Eriksson and loses puck.
15:03 of 1st period - Frans Nielsen is hit by Steve McCarthy and loses puck.
15:54 of 1st period - Oliver Ekman-Larsson is hit by Mark Stuart and loses puck.
16:03 of 1st period - Mark Stuart is hit by Oliver Ekman-Larsson.
16:07 of 1st period - Wrist shot by David Jones.
16:07 of 1st period - Shot Blocked by Jaromir Jagr.
16:09 of 1st period - Snap shot by David Jones.
16:09 of 1st period - Stopped by Steve Mason with a rebound.
16:11 of 1st period - Snap shot by Scott Hartnell.
16:11 of 1st period - Shot Misses the Net.
16:21 of 1st period - Wrist shot by Scott Hartnell.
16:21 of 1st period - Deflect By David Jones.
16:21 of 1st period - Shot Blocked by Oliver Ekman-Larsson.
16:21 of 1st period - Puck is out of play.
16:22 of 1st period - Jeff Carter wins face-off versus Pierre-Marc Bouchard in Flyers zone.
16:29 of 1st period - Snap shot by Drew Miller.
16:29 of 1st period - Stopped by Henrik Lundqvist with a rebound.
16:31 of 1st period - Slapshot by Jeff Woywitka.
16:31 of 1st period - Shot Blocked by Andrew Alberts.
16:33 of 1st period - Slapshot by Jakub Voracek.
16:33 of 1st period - Stopped by Henrik Lundqvist with a rebound.
16:35 of 1st period - Slapshot by Matt Smaby.
16:35 of 1st period - Shot Blocked by Vitaly Vishnevsky.
16:37 of 1st period - Wrist shot by Jeff Carter.
16:37 of 1st period - Shot Misses the Net.
16:39 of 1st period - Slapshot by Matt Smaby.
16:39 of 1st period - Stopped by Henrik Lundqvist with a rebound.
16:49 of 1st period - Kyle Wellwood is hit by Dustin Boyd and loses puck.
17:38 of 1st period - Andrew Alberts is hit by Brian McGrattan and loses puck.
19:55 of 1st period - Steve Downie is hit by Jeff Carter and loses puck.
Goals for this period are 0 for Canadiens vs 0 for Flyers.
Shots for this period are 4 for Canadiens vs 9 for Flyers.
2nd period
0:01 of 2nd period - Jeff Carter wins face-off versus Frans Nielsen in neutral zone.
0:11 of 2nd period - Minor Penalty to Jeff Carter for Hooking.
0:12 of 2nd period - Frans Nielsen wins face-off versus Matthew Lombardi in Flyers zone.
0:25 of 2nd period - Slapshot by Chris Mcallister.
0:25 of 2nd period - Deflect By Matthew Lombardi.
0:25 of 2nd period - Shot Blocked by Steve Downie.
0:25 of 2nd period - Puck is out of play.
0:26 of 2nd period - Scott Hartnell wins face-off versus Kyle Wellwood in Canadiens zone.
0:31 of 2nd period - Kyle Wellwood is hit by Andrew Alberts and loses puck.
0:38 of 2nd period - Snap shot by Scott Hartnell.
0:38 of 2nd period - Shot Blocked by Steve McCarthy.
0:40 of 2nd period - Slapshot by Andrew Alberts.
0:40 of 2nd period - Deflect By Steve Downie.
0:40 of 2nd period - Shot Blocked by J.T. Miller.
0:40 of 2nd period - Puck is out of play.
0:41 of 2nd period - Matthew Lombardi wins face-off versus Frans Nielsen in Flyers zone.
1:09 of 2nd period - Icing by Colton Parayko.
1:10 of 2nd period - Kyle Wellwood wins face-off versus Pierre-Marc Bouchard in Canadiens zone.
1:23 of 2nd period - Wrist shot by Kyle Wellwood.
1:23 of 2nd period - Deflect By Andrew Alberts.
1:23 of 2nd period - Stopped by Henrik Lundqvist without a rebound.
1:24 of 2nd period - Frans Nielsen wins face-off versus Matthew Lombardi in Canadiens zone.
1:43 of 2nd period - Wrist shot by Kyle Wellwood.
1:43 of 2nd period - Goal by Kyle Wellwood - Canadiens : 0 - Flyers : 1.
1:44 of 2nd period - Matthew Lombardi wins face-off versus Frans Nielsen in neutral zone.
1:49 of 2nd period - Snap shot by Chris Mcallister.
1:49 of 2nd period - Shot Misses the Net.
2:10 of 2nd period - Jonathan Ericsson is hit by Pierre-Marc Bouchard and loses puck.
2:11 of 2nd period - Penalty to Jeff Carter is over, Jeff Carter is back on ice.
2:22 of 2nd period - Off-side.
2:23 of 2nd period - Jeff Carter wins face-off versus Scott Hartnell in neutral zone.
2:23 of 2nd period - Jeff Carter is hit by Steve Downie.
2:31 of 2nd period - Wrist shot by Drew Miller.
2:31 of 2nd period - Shot Blocked by Mark Stuart.
2:39 of 2nd period - Wrist shot by Steve Downie.
2:39 of 2nd period - Stopped by Steve Mason with a rebound.
2:58 of 2nd period - Slapshot by Kyle Wellwood.
2:58 of 2nd period - Shot Misses the Net.
3:00 of 2nd period - Wrist shot by Matt Smaby.
3:00 of 2nd period - Stopped by Henrik Lundqvist with a rebound.
3:02 of 2nd period - Snap shot by Jeff Woywitka.
3:02 of 2nd period - Shot Misses the Net.
3:27 of 2nd period - Steve McCarthy is hit by Shaone Morrisonn and loses puck.
3:55 of 2nd period - Minor Penalty to Viktor Stalberg for Boarding.
3:56 of 2nd period - Kyle Wellwood wins face-off versus Tomas Plekanec in Canadiens zone.
3:58 of 2nd period - Wrist shot by Kyle Wellwood.
3:58 of 2nd period - Shot Misses the Net.
4:30 of 2nd period - Snap shot by Jakub Voracek.
4:30 of 2nd period - Stopped by Henrik Lundqvist with a rebound.
5:55 of 2nd period - Penalty to Viktor Stalberg is over, Viktor Stalberg is back on ice.
6:25 of 2nd period - Nathan Beaulieu is hit by Tomas Plekanec and loses puck.
6:48 of 2nd period - Evgeny Dadonov is hit by Chris Mcallister and loses puck.
7:11 of 2nd period - Jeff Carter is hit by Andrew Alberts and loses puck.
7:16 of 2nd period - Snap shot by David Jones.
7:16 of 2nd period - Stopped by Steve Mason without a rebound.
7:17 of 2nd period - Kyle Wellwood wins face-off versus Tomas Plekanec in Flyers zone.
7:46 of 2nd period - Slapshot by Brett Maclean.
7:46 of 2nd period - Shot Hit the Post.
7:56 of 2nd period - Evgeny Dadonov is hit by Nathan Beaulieu and loses puck.
8:05 of 2nd period - Slapshot by Greg Stewart.
8:05 of 2nd period - Shot Blocked by Nathan Beaulieu.
8:14 of 2nd period - Off-side.
8:15 of 2nd period - Frans Nielsen wins face-off versus Kyle Wellwood in neutral zone.
8:19 of 2nd period - Off-side.
8:20 of 2nd period - Kyle Wellwood wins face-off versus Frans Nielsen in neutral zone.
9:07 of 2nd period - Snap shot by Drew Miller.
9:07 of 2nd period - Shot Misses the Net.
9:09 of 2nd period - Snap shot by Drew Miller.
9:09 of 2nd period - Shot Misses the Net.
9:29 of 2nd period - Off-side.
9:30 of 2nd period - Jaromir Jagr wins face-off versus Frans Nielsen in neutral zone.
9:35 of 2nd period - Snap shot by Marcus Kruger.
9:35 of 2nd period - Stopped by Henrik Lundqvist with a rebound.
9:37 of 2nd period - Wrist shot by Jaromir Jagr.
9:37 of 2nd period - Stopped by Henrik Lundqvist with a rebound.
9:43 of 2nd period - Wrist shot by Jaromir Jagr.
9:43 of 2nd period - Shot Hit the Post.
10:14 of 2nd period - Snap shot by Loui Eriksson.
10:14 of 2nd period - Shot Misses the Net.
10:16 of 2nd period - Slapshot by Matt Smaby.
10:16 of 2nd period - Stopped by Henrik Lundqvist with a rebound.
10:22 of 2nd period - Wrist shot by Marcus Kruger.
10:22 of 2nd period - Shot Blocked by Adam Pardy.
10:24 of 2nd period - Backhand shot by Matt Smaby.
10:24 of 2nd period - Shot Blocked by Steve Downie.
10:35 of 2nd period - Adam Pardy is hit by Jeff Woywitka and loses puck.
10:53 of 2nd period - Snap shot by Steve Downie.
10:53 of 2nd period - Shot Blocked by Jeff Woywitka.
10:55 of 2nd period - Minor Penalty to Loui Eriksson for Elbowing.
10:56 of 2nd period - Pierre-Marc Bouchard wins face-off versus Kyle Wellwood in Flyers zone.
11:05 of 2nd period - Wrist shot by J.T. Miller.
11:05 of 2nd period - Stopped by Henrik Lundqvist without a rebound.
11:06 of 2nd period - Pierre-Marc Bouchard wins face-off versus Kyle Wellwood in Canadiens zone.
11:13 of 2nd period - Wrist shot by Greg Stewart.
11:13 of 2nd period - Stopped by Steve Mason with a rebound.
11:17 of 2nd period - Snap shot by Greg Stewart.
11:17 of 2nd period - Shot Misses the Net.
11:19 of 2nd period - Snap shot by Colton Parayko.
11:19 of 2nd period - Deflect By Greg Stewart.
11:19 of 2nd period - Stopped by Steve Mason with a rebound.
11:21 of 2nd period - Snap shot by Colton Parayko.
11:21 of 2nd period - Shot Blocked by J.T. Miller.
11:23 of 2nd period - Slapshot by Andrew Alberts.
11:23 of 2nd period - Stopped by Steve Mason without a rebound.
11:24 of 2nd period - Pierre-Marc Bouchard wins face-off versus Chris Mcallister in Flyers zone.
11:35 of 2nd period - Wrist shot by Pierre-Marc Bouchard.
11:35 of 2nd period - Stopped by Steve Mason without a rebound.
11:36 of 2nd period - Kyle Wellwood wins face-off versus Frans Nielsen in Flyers zone.
12:55 of 2nd period - Penalty to Loui Eriksson is over, Loui Eriksson is back on ice.
13:21 of 2nd period - Brett Maclean is hit by Drew Miller and loses puck.
13:34 of 2nd period - Snap shot by Drew Miller.
13:34 of 2nd period - Shot Misses the Net.
13:40 of 2nd period - Jeff Carter is hit by Dustin Boyd and loses puck.
13:45 of 2nd period - Snap shot by Enver Lisin.
13:45 of 2nd period - Shot Blocked by Steve McCarthy.
14:10 of 2nd period - Snap shot by Enver Lisin.
14:10 of 2nd period - Shot Blocked by Steve McCarthy.
14:22 of 2nd period - Slapshot by Dustin Boyd.
14:22 of 2nd period - Stopped by Steve Mason without a rebound.
14:23 of 2nd period - Kyle Wellwood wins face-off versus Frans Nielsen in Flyers zone.
14:29 of 2nd period - Off-side.
14:30 of 2nd period - Frans Nielsen wins face-off versus Kyle Wellwood in neutral zone.
14:55 of 2nd period - Wrist shot by Evgeny Dadonov.
14:55 of 2nd period - Stopped by Steve Mason without a rebound.
14:56 of 2nd period - Pierre-Marc Bouchard wins face-off versus Matthew Lombardi in Flyers zone.
15:30 of 2nd period - Slapshot by Matt Smaby.
15:30 of 2nd period - Stopped by Henrik Lundqvist with a rebound.
15:32 of 2nd period - Slapshot by Matt Smaby.
15:32 of 2nd period - Shot Misses the Net.
16:55 of 2nd period - Snap shot by Steve Downie.
16:55 of 2nd period - Stopped by Steve Mason without a rebound.
16:56 of 2nd period - Jeff Carter wins face-off versus Pierre-Marc Bouchard in Flyers zone.
18:03 of 2nd period - Loui Eriksson is hit by Andrew Alberts and loses puck.
18:12 of 2nd period - Slapshot by Jonathan Ericsson.
18:12 of 2nd period - Shot Misses the Net.
18:14 of 2nd period - Wrist shot by Jaromir Jagr.
18:14 of 2nd period - Shot Misses the Net.
18:24 of 2nd period - Snap shot by Evgeny Dadonov.
18:24 of 2nd period - Stopped by Steve Mason with a rebound.
18:27 of 2nd period - Icing by Jakub Voracek.
18:28 of 2nd period - Jeff Carter wins face-off versus Pierre-Marc Bouchard in Flyers zone.
18:44 of 2nd period - Wrist shot by Jeff Carter.
18:44 of 2nd period - Stopped by Henrik Lundqvist without a rebound.
18:45 of 2nd period - Frans Nielsen wins face-off versus Kyle Wellwood in Canadiens zone.
18:56 of 2nd period - Snap shot by Mats Zuccarello.
18:56 of 2nd period - Shot Misses the Net.
19:02 of 2nd period - Snap shot by Mats Zuccarello.
19:02 of 2nd period - Shot Misses the Net.
19:19 of 2nd period - Snap shot by Mark Stuart.
19:19 of 2nd period - Shot Misses the Net.
19:21 of 2nd period - Wrist shot by Mark Stuart.
19:21 of 2nd period - Deflect By Frans Nielsen.
19:21 of 2nd period - Shot Hit the Post.
19:21 of 2nd period - Puck is out of play.
19:22 of 2nd period - Kyle Wellwood wins face-off versus Pierre-Marc Bouchard in Flyers zone.
19:22 of 2nd period - Kyle Wellwood is hit by Evgeny Dadonov.
19:32 of 2nd period - Slapshot by Nathan Beaulieu.
19:32 of 2nd period - Shot Misses the Net.
Goals for this period are 0 for Canadiens vs 1 for Flyers.
Shots for this period are 10 for Canadiens vs 10 for Flyers.
3rd period
0:01 of 3rd period - Frans Nielsen wins face-off versus Jeff Carter in neutral zone.
0:39 of 3rd period - Jonathan Ericsson is hit by Adam Pardy.
0:47 of 3rd period - Wrist shot by Steve Downie.
0:47 of 3rd period - Shot Misses the Net.
0:49 of 3rd period - Snap shot by Steve Downie.
0:49 of 3rd period - Deflect By Scott Hartnell.
0:49 of 3rd period - Shot Blocked by Oliver Ekman-Larsson.
0:49 of 3rd period - Puck is out of play.
0:50 of 3rd period - Jeff Carter wins face-off versus Pierre-Marc Bouchard in Flyers zone.
0:59 of 3rd period - Slapshot by Greg Stewart.
0:59 of 3rd period - Stopped by Steve Mason without a rebound.
1:00 of 3rd period - Jeff Carter wins face-off versus Greg Stewart in Flyers zone.
1:02 of 3rd period - Matt Smaby is hit by Evgeny Dadonov.
1:25 of 3rd period - Snap shot by Greg Stewart.
1:25 of 3rd period - Shot Blocked by Jeff Woywitka.
1:27 of 3rd period - Slapshot by Adam Pardy.
1:27 of 3rd period - Stopped by Steve Mason without a rebound.
1:28 of 3rd period - Frans Nielsen wins face-off versus Kyle Wellwood in Flyers zone.
2:27 of 3rd period - Off-side.
2:28 of 3rd period - Steve Downie wins face-off versus Jeff Carter in neutral zone.
2:40 of 3rd period - Snap shot by Frans Nielsen.
2:40 of 3rd period - Stopped by Steve Mason with a rebound.
2:42 of 3rd period - Slapshot by Andrew Alberts.
2:42 of 3rd period - Stopped by Steve Mason without a rebound.
2:43 of 3rd period - Pierre-Marc Bouchard wins face-off versus Kyle Wellwood in Flyers zone.
2:44 of 3rd period - Wrist shot by Evgeny Dadonov.
2:44 of 3rd period - Stopped by Steve Mason without a rebound.
2:45 of 3rd period - Pierre-Marc Bouchard wins face-off versus Kyle Wellwood in Flyers zone.
3:00 of 3rd period - Wrist shot by Greg Stewart.
3:00 of 3rd period - Stopped by Steve Mason without a rebound.
3:01 of 3rd period - Frans Nielsen wins face-off versus Jakub Voracek in Flyers zone.
3:16 of 3rd period - Wrist shot by Steve Downie.
3:16 of 3rd period - Deflect By Frans Nielsen.
3:16 of 3rd period - Stopped by Steve Mason without a rebound.
3:17 of 3rd period - Pierre-Marc Bouchard wins face-off versus Kyle Wellwood in Flyers zone.
3:30 of 3rd period - Minor Penalty to Mats Zuccarello for Tripping.
3:31 of 3rd period - Frans Nielsen wins face-off versus Matthew Lombardi in Flyers zone.
3:33 of 3rd period - Snap shot by Frans Nielsen.
3:33 of 3rd period - Shot Misses the Net.
3:35 of 3rd period - Wrist shot by Colton Parayko.
3:35 of 3rd period - Shot Misses the Net.
3:37 of 3rd period - Snap shot by Scott Hartnell.
3:37 of 3rd period - Shot Blocked by Jeff Woywitka.
3:39 of 3rd period - Snap shot by Steve Downie.
3:39 of 3rd period - Deflect By Scott Hartnell.
3:39 of 3rd period - Shot Misses the Net.
3:39 of 3rd period - Puck is out of play.
3:40 of 3rd period - Matthew Lombardi wins face-off versus Scott Hartnell in Flyers zone.
3:47 of 3rd period - Wrist shot by Steve Downie.
3:47 of 3rd period - Shot Blocked by Steve McCarthy.
4:08 of 3rd period - Snap shot by Scott Hartnell.
4:08 of 3rd period - Stopped by Steve Mason with a rebound.
4:37 of 3rd period - Wrist shot by Frans Nielsen.
4:37 of 3rd period - Shot Blocked by Matthew Lombardi.
4:39 of 3rd period - Slapshot by Colton Parayko.
4:39 of 3rd period - Shot Hit the Post.
4:41 of 3rd period - Wrist shot by Frans Nielsen.
4:41 of 3rd period - Shot Blocked by Steve McCarthy.
4:51 of 3rd period - Wrist shot by Frans Nielsen.
4:51 of 3rd period - Goal by Frans Nielsen - Canadiens : 1 - Flyers : 1.
4:52 of 3rd period - Jeff Carter wins face-off versus Pierre-Marc Bouchard in neutral zone.
5:07 of 3rd period - Snap shot by Jakub Voracek.
5:07 of 3rd period - Stopped by Henrik Lundqvist with a rebound.
5:35 of 3rd period - Minor Penalty to Mats Zuccarello for Interference.
5:36 of 3rd period - Kyle Wellwood wins face-off versus Frans Nielsen in Flyers zone.
5:48 of 3rd period - Snap shot by Frans Nielsen.
5:48 of 3rd period - Stopped by Steve Mason with a rebound.
5:50 of 3rd period - Slapshot by Steve Downie.
5:50 of 3rd period - Deflect By Steve McCarthy.
5:50 of 3rd period - Stopped by Steve Mason without a rebound.
5:51 of 3rd period - J.T. Miller wins face-off versus Scott Hartnell in Flyers zone.
6:24 of 3rd period - Wrist shot by Pierre-Marc Bouchard.
6:24 of 3rd period - Shot Misses the Net.
6:26 of 3rd period - Wrist shot by Evgeny Dadonov.
6:26 of 3rd period - Canadiens goal is going for a video replay.
6:26 of 3rd period - The goal is refused. The attacking player has interfered with a goalkeeper in his goal crease..
6:27 of 3rd period - Kyle Wellwood wins face-off versus Pierre-Marc Bouchard in Flyers zone.
6:54 of 3rd period - Jeff Woywitka is hit by Vitaly Vishnevsky and loses puck.
7:35 of 3rd period - Penalty to Mats Zuccarello is over, Mats Zuccarello is back on ice.
8:10 of 3rd period - Colton Parayko is hit by Oliver Ekman-Larsson and loses puck.
9:13 of 3rd period - Slapshot by Matt Smaby.
9:13 of 3rd period - Stopped by Henrik Lundqvist with a rebound.
9:15 of 3rd period - Slapshot by Loui Eriksson.
9:15 of 3rd period - Stopped by Henrik Lundqvist with a rebound.
9:29 of 3rd period - Brian McGrattan is hit by Viktor Stalberg and loses puck.
9:34 of 3rd period - Wrist shot by Viktor Stalberg.
9:34 of 3rd period - Stopped by Steve Mason without a rebound.
9:35 of 3rd period - Kyle Wellwood wins face-off versus Frans Nielsen in Flyers zone.
10:00 of 3rd period - Evgeny Dadonov is hit by Drew Miller and loses puck.
10:07 of 3rd period - Jakub Voracek is hit by Adam Pardy.
10:23 of 3rd period - Wrist shot by Loui Eriksson.
10:23 of 3rd period - Goal by Loui Eriksson - Canadiens : 1 - Flyers : 2.
10:24 of 3rd period - Frans Nielsen wins face-off versus Drew Miller in neutral zone.
10:48 of 3rd period - Icing by Jeff Carter.
10:49 of 3rd period - Pierre-Marc Bouchard wins face-off versus Jeff Carter in Flyers zone.
11:25 of 3rd period - Snap shot by J.T. Miller.
11:25 of 3rd period - Shot Hit the Post.
12:02 of 3rd period - Chris Mcallister is hit by Viktor Stalberg and loses puck.
12:07 of 3rd period - Snap shot by Tomas Plekanec.
12:07 of 3rd period - Deflect By David Jones.
12:07 of 3rd period - Shot Misses the Net.
12:07 of 3rd period - Puck is out of play.
12:08 of 3rd period - Jakub Voracek wins face-off versus Frans Nielsen in Flyers zone.
12:42 of 3rd period - Wrist shot by Greg Stewart.
12:42 of 3rd period - Stopped by Steve Mason without a rebound.
12:43 of 3rd period - Kyle Wellwood wins face-off versus Pierre-Marc Bouchard in Flyers zone.
12:43 of 3rd period - Kyle Wellwood is hit by Greg Stewart.
12:51 of 3rd period - Snap shot by Steve McCarthy.
12:51 of 3rd period - Shot Blocked by Greg Stewart.
12:53 of 3rd period - Slapshot by Nathan Beaulieu.
12:53 of 3rd period - Stopped by Henrik Lundqvist without a rebound.
12:54 of 3rd period - Jeff Carter wins face-off versus Frans Nielsen in Canadiens zone.
13:09 of 3rd period - Wrist shot by Frans Nielsen.
13:09 of 3rd period - Stopped by Steve Mason without a rebound.
13:10 of 3rd period - Pierre-Marc Bouchard wins face-off versus Kyle Wellwood in Flyers zone.
13:23 of 3rd period - Snap shot by Evgeny Dadonov.
13:23 of 3rd period - Shot Misses the Net.
14:24 of 3rd period - Chris Mcallister is hit by Viktor Stalberg and loses puck.
14:45 of 3rd period - Slapshot by Mats Zuccarello.
14:45 of 3rd period - Shot Blocked by Shaone Morrisonn.
14:47 of 3rd period - Wrist shot by Mats Zuccarello.
14:47 of 3rd period - Shot Blocked by Vitaly Vishnevsky.
14:49 of 3rd period - Slapshot by Oliver Ekman-Larsson.
14:49 of 3rd period - Shot Misses the Net.
15:09 of 3rd period - Snap shot by Steve Downie.
15:09 of 3rd period - Stopped by Steve Mason with a rebound.
15:11 of 3rd period - Snap shot by Steve Downie.
15:11 of 3rd period - Deflect By Frans Nielsen.
15:11 of 3rd period - Stopped by Steve Mason without a rebound.
15:12 of 3rd period - Kyle Wellwood wins face-off versus Dustin Boyd in Flyers zone.
15:12 of 3rd period - Kyle Wellwood is hit by Dustin Boyd.
16:05 of 3rd period - Evgeny Dadonov is hit by Matt Smaby and loses puck.
17:18 of 3rd period - Oliver Ekman-Larsson is hit by Steve Downie and loses puck.
17:41 of 3rd period - Wrist shot by Jaromir Jagr.
17:41 of 3rd period - Stopped by Henrik Lundqvist with a rebound.
17:49 of 3rd period - Jonathan Ericsson is hit by David Jones and loses puck.
18:06 of 3rd period - Greg Stewart is hit by Oliver Ekman-Larsson and loses puck.
18:18 of 3rd period - Minor Penalty to Adam Pardy for Tripping.
18:19 of 3rd period - Kyle Wellwood wins face-off versus Tomas Plekanec in Canadiens zone.
18:55 of 3rd period - Snap shot by Jeff Carter.
18:55 of 3rd period - Deflect By Jakub Voracek.
18:55 of 3rd period - Shot Misses the Net.
18:55 of 3rd period - Puck is out of play.
18:56 of 3rd period - Guy Carbonneau call a timeout for Canadiens.
18:56 of 3rd period - Dustin Boyd wins face-off versus Kyle Wellwood in Canadiens zone.
18:56 of 3rd period - Dustin Boyd is hit by Mats Zuccarello.
19:06 of 3rd period - Backhand shot by Jonathan Ericsson.
19:06 of 3rd period - Stopped by Henrik Lundqvist with a rebound.
19:08 of 3rd period - Slapshot by Jonathan Ericsson.
19:08 of 3rd period - Deflect By Steve Downie.
19:08 of 3rd period - Stopped by Henrik Lundqvist with a rebound.
19:10 of 3rd period - Wrist shot by Kyle Wellwood.
19:10 of 3rd period - Stopped by Henrik Lundqvist without a rebound.
19:11 of 3rd period - Tomas Plekanec wins face-off versus Jeff Carter in Canadiens zone.
19:11 of 3rd period - Tomas Plekanec is hit by Jakub Voracek.
19:23 of 3rd period - Wrist shot by Jakub Voracek.
19:23 of 3rd period - Shot Blocked by Andrew Alberts.
19:59 of 3rd period - Backhand shot by Dustin Boyd.
19:59 of 3rd period - Stopped by Steve Mason without a rebound.
Goals for this period are 1 for Canadiens vs 1 for Flyers.
Shots for this period are 18 for Canadiens vs 9 for Flyers.
Back to the Top